 Dungeon Crawl Stone Soup version 0.18-a0-1637-g109f206 (webtiles) character file.

543 Oddball22 the Insei (level 7, -16/55 HPs)
             Began as a Demonspawn Monk on Mar 26, 2016.
             Was a Follower of Ru.
             Demolished by Prince Ribbit (19 damage)
             ... on level 5 of the Dungeon.
             The game lasted 00:12:38 (3224 turns).

Oddball22 the Insei (Demonspawn Monk)               Turns: 3224, Time: 00:12:39

Health: -16/55     AC:  3    Str: 17    XL:     7   Next: 6%
Magic:  7/7        EV: 15    Int: 11    God:    Ru [*.....]
Gold:   128        SH:  0    Dex: 17    Spells: 0 memorised, 6 levels left

rFire  + . .     SeeInvis .       - Unarmed
rCold  + . .     Gourm    .     a - +0 robe
rNeg   . . .     Faith    .     (no shield)
rPois  .         Spirit   .     (no helmet)
rElec  .         Dismiss  .     p - +0 cloak
rCorr  .         Reflect  .     (no gloves)
SustAt .         Harm     .     (no boots)
MR     .....     Clarity  +     (no amulet)
Stlth  +++.......               (no ring)
                                (no ring)

@: mighty, lethally poisoned (-16 -> -17), no scrolls, not resistant to hostile
enchantments, fairly stealthy
A: claws 1, icy blue scales 1, clarity, cold resistance 1, deformed body, fire
resistance 1, powered by death 2, inability to read while threatened
a: Renounce Religion


You were on level 5 of the Dungeon.
You worshipped Ru.
Ru was aware of your devotion.
You were hungry.

You visited 1 branch of the dungeon, and saw 6 of its levels.

You collected 128 gold pieces.

Inventory:

Hand Weapons
 o - a +2 rapier of speed
Armour
 a - a +0 robe (worn)
 p - a +0 cloak (worn)
Scrolls
 c - 2 scrolls of blinking {unknown}
 d - 2 scrolls of enchant weapon {unknown}
 f - a scroll of teleportation {unknown}
 g - 5 scrolls of identify
 l - a scroll of noise {unknown}
 m - a scroll of amnesia {unknown}
 n - 2 scrolls of immolation {unknown}
 q - 3 scrolls of enchant armour {unknown}
 r - a scroll of remove curse {unknown}
 t - a scroll of fog {unknown}
 w - a scroll of fear {unknown}
Potions
 j - a potion of cancellation
 s - a potion of flight
Comestibles
 b - 2 bread rations
 u - 2 meat rations


   Skills:
 + Level 4.5 Fighting
 + Level 4.5 Dodging
 + Level 3.9 Stealth
 + Level 5.0 Unarmed Combat


You had 6 spell levels left.
You didn't know any spells.

Dungeon Overview and Level Annotations

Branches:
Dungeon (6/15)
 Temple: D:4-7

Altars:
Ru
Trog
Xom

Annotations:
D:5 Prince Ribbit


Innate Abilities, Weirdness & Mutations

You have sharp fingernails.
You are partially covered in icy blue scales (AC +1).
Your flesh is cold resistant.
You regenerate health from kills.
You cannot read scrolls while threatened.
You possess an exceptional clarity of mind.
Armour fits poorly on your strangely shaped body.
Your flesh is heat resistant.


Message History

There is a stone staircase leading down here.
You climb downwards.
A water moccasin, a black bear, a worker ant, a zombie and a skeleton come into view.
You feel sick.
There is a stone staircase leading up here.
The water moccasin hisses angrily.
You climb upwards.
Level annotation: Prince Ribbit Prince Ribbit hits you.
* * * LOW HITPOINT WARNING * * *
Prince Ribbit blinks!
There is a stone staircase leading down here.
You feel sick.
Prince Ribbit croaks regally.
You feel sick.
Prince Ribbit blinks!
You barely miss Prince Ribbit.
Prince Ribbit is severely wounded.
Prince Ribbit hits you!!
You feel threatened and lose the ability to read scrolls!
You die...

##.#....# ##
##..#....## .###
##..#).....# ...####
#..##).....#
##....###F.##...ยง..#
####...<.####.....#
###..## #....## #...#
#.F..# #.....##..@.#
..###..##...# ..##
##....## ..# ##...#
.# #...# ##..# #.##
#.


You could see Prince Ribbit.

Vanquished Creatures
  A phantom (D:4)
  A crimson imp (D:5)
  4 orc priests
  2 orc wizards (D:5)
  An iguana (D:5)
  4 worker ants
  3 adders
  2 worms
  4 dart slugs
  3 giant geckos
  13 orcs
  4 giant cockroaches
  6 goblins
  3 hobgoblins
  2 jackals (D:2)
  10 kobolds
  3 quokkas
  11 bats
  7 giant newts
  A jackal skeleton (D:4)
  A quokka skeleton (D:5)
  5 rats
91 creatures vanquished.

Notes
Turn   | Place    | Note
--------------------------------------------------------------
     0 | D:1      | Oddball22 the Demonspawn Monk began the quest for the Orb.
     0 | D:1      | Reached XP level 1. HP: 18/18 MP: 1/1
   181 | D:1      | Gained mutation: Your flesh is cold resistant. [demonic ancestry]
   181 | D:1      | Reached XP level 2. HP: 20/24 MP: 2/2
   726 | D:2      | Gained mutation: You regenerate a little health from kills. [demonic ancestry]
   726 | D:2      | Reached XP level 3. HP: 29/29 MP: 3/3
   894 | D:2      | Found a faded altar to an unknown god.
  1268 | D:3      | Found a sacrificial altar of Ru.
  1293 | D:3      | Became a worshipper of Ru the Awakened
  1301 | D:3      | Gained mutation: You cannot read scrolls while threatened. [Ru sacrifice]
  1301 | D:3      | Reached * piety under Ru
  1346 | D:3      | Found a shimmering altar of Xom.
  1356 | D:3      | Reached skill level 4 in Unarmed Combat
  1356 | D:3      | Gained mutation: You regenerate health from kills. [demonic ancestry]
  1356 | D:3      | Reached XP level 4. HP: 13/35 MP: 4/4
  1883 | D:3      | Reached XP level 5. HP: 41/41 MP: 5/5
  2283 | D:4      | Noticed a phantom
  2342 | D:4      | Killed a phantom
  2342 | D:4      | Gained mutation: You have sharp fingernails. [demonic ancestry]
  2342 | D:4      | Reached XP level 6. HP: 11/48 MP: 6/6
  2571 | D:4      | Found a bloodstained altar of Trog.
  2857 | D:5      | Entered Level 5 of the Dungeon
  2902 | D:5      | Noticed a sky beast
  2903 | D:5      | Noticed a sky beast
  2987 | D:5      | HP: 2/48 [orc wizard/puff of frost (5)]
  2993 | D:5      | HP: 2/49 [orc wizard/magic dart (8)]
  3126 | D:5      | Reached skill level 5 in Unarmed Combat
  3154 | D:5      | Noticed Prince Ribbit
  3164 | D:5      | Gained mutation: You are partially covered in icy blue scales (AC +1). [demonic ancestry]
  3164 | D:5      | Reached XP level 7. HP: 39/55 MP: 7/7
  3210 | D:5      | Gained mutation: You possess an exceptional clarity of mind. [potion of mutation]
  3210 | D:5      | Gained mutation: Your flesh is heat resistant. [potion of mutation]
  3210 | D:5      | Gained mutation: Armour fits poorly on your strangely shaped body. [potion of mutation]
  3224 | D:5      | Demolished by Prince Ribbit

Vault maps used:
D:1:      lightli_arrival_lavapool
D:2:      ecumenical_altar_2
D:3:      nicolae_ru_awakened_eye, lemuel_crystal_altar, first_bread,
          kennysheep_generic_room_6
D:4:      nicolae_overflow_crystal_walls
D:5:      uniq_prince_ribbit1
D:6:      nemelex_deck, gammafunk_temple_overflow_claw,
          minmay_temple_entry_trees, nicolae_dithmenos_shadow_blocks

Skill      XL: |  1  2  3  4  5  6 |
---------------+-------------------+-----
Dodging        | 3 4 |  4.5
Stealth        | 2 3 |  3.9
Unarmed Combat | 4 5 |  5.0
Fighting       | 4 |  4.5

Action                   |  1- 3 |  4- 6 |  7- 9 || total
-------------------------+-------+-------+-------++-------
Melee: Unarmed           |   129 |   254 |    31 ||   414
Invok: Sacrifice Words   |     1 |       |       ||     1
  Use: Potion            |       |     8 |     3 ||    11
       Scroll            |       |     1 |       ||     1
 Stab: Sleeping          |    10 |     4 |       ||    14
       Distracted        |       |     1 |       ||     1
  Eat: Chunk             |     1 |     7 |       ||     8
